Match 47295726
Unlisted

Match 47295726
End
Construct Infanterie Kompanie
Pioneer Squad
MG 42 Machine Gun Team
MG 42 Machine Gun Team
Selects Terror Battlegroup
Selects Machine Gun Camouflage
Grenadier Squad
Construct Panzergrenadier Kompanie
Medical Bunker
Panzergrenadier Squad
251 Medium Carrier
Selects Interrogate
Pioneer Squad
Support Elements
Pak 40 Anti-tank Gun Team
Nebelwerfer 42 Rocket Launcher Team
MG 42 Machine Gun Team
Pioneer Squad
Selects Defend the Fatherland
Nebelwerfer 42 Rocket Launcher Team
Infanterie Officer Quarters
Panzergrenadier Officer Quarters
CrazyDuck
ModMapper
pagep
从心
0
0

Comments sign in to comment!

No comments posted yet!